 Dungeon Crawl Stone Soup version 0.30-a0-778-g2ef04afb54 (webtiles) character file.

Game seed: 11173376817255197369

355 Beavis the Insei (level 6, -1/41 HPs)
             Began as an Octopode Transmuter on Feb 16, 2023.
             Succumbed to an orc's poison
             ... on level 4 of the Dungeon.
             The game lasted 00:04:34 (2893 turns).

Beavis the Insei (Octopode Transmuter)              Turns: 2893, Time: 00:04:34

Health: -1/41      AC:  2    Str:  9    XL:     6   Next: 63%
Magic:  14/19      EV: 20    Int: 17    God:
Gold:   173        SH:  0    Dex: 18    Spells: 5/11 levels left

rFire   . . .      SeeInvis .      - Unarmed
rCold   . . .      Faith    .    (shield currently unavailable)
rNeg    . . .      Spirit   .    (helmet currently unavailable)
rPois   x          Reflect  .    (no amulet)
rElec   .          Harm     .    d - ring of magical power
rCorr   .          Rampage  .    (no ring)
Will    .....                    (no ring)
Stlth   ++                       (no ring)
HPRegen 0.26/turn                (no ring)
MPRegen 0.16/turn                (no ring)
                                 (no ring)
                                 (no ring)

@: lethally poisoned (-1 -> -43), spider-form, wereblooded
A: venomous fangs, almost no armour, (amphibious), 8 rings, tiny, (camouflage
1), (gelatinous body 1), (nimble swimmer 1), (tentacles)
a: End Transformation


You were on level 4 of the Dungeon.
You were a venomous arachnid creature.
You visited 1 branch of the dungeon, and saw 4 of its levels.

You collected 173 gold pieces.

Inventory:

Jewellery
 d - a ring of magical power (left front pincers)
Scrolls
 a - a scroll of immolation
 b - a scroll of vulnerability {unknown}
 e - a scroll of fear {unknown}
Potions
 c - a potion of curing
 f - a potion of attraction
 j - a potion of heal wounds {unknown}
 k - a potion of brilliance {unknown}


   Skills:
 + Level 2.5 Fighting
 + Level 3.1 Dodging
 + Level 4.0 Unarmed Combat
 + Level 3.0 Spellcasting
 * Level 3.7 Transmutations
 + Level 2.7 Poison Magic


You had 5 spell levels left.
You knew the following spells:

 Your Spells              Type           Power      Damage    Failure   Level
a - Spider Form           Tmut/Pois      13%        N/A       32%         3
b - Wereblood             Tmut           15%        N/A       17%         2
c - Beastly Appendage     Tmut           30%        N/A       12%         1

Your spell library contained the following spells:

 Spells                   Type           Power      Damage    Failure   Level
 Ice Form                 Ice/Tmut       8%         N/A       82%         4


Dungeon Overview and Level Annotations

Branches:
Dungeon (4/15)
 Temple: D:4-7

Altars:
Gozag
Xom

Shops:
D:2 [

Annotations:
D:3 1 runed translucent door, MrSquiggles's ghost, amateur OpAr


Innate Abilities, Weirdness & Mutations

You are a venomous arachnid creature.
You have venomous fangs.
You are tiny and dextrous.
Your spellcasting is less reliable in this form.
Your armour is entirely melded.
You are incapable of wielding weapons or throwing items.
You cannot wear most types of armour.
((You are amphibious.))
You can wear up to eight rings at the same time.
((Your skin changes colour to match your surroundings (Stealth+).))
((Your rubbery body absorbs attacks. (AC +1, EV +1)))
((You are camouflaged when in or above water. (Stealth+)))
((You have tentacles for arms and can constrict up to eight enemies at once.))


Message History

You flicker back into view.
Key pressed, stopping explore.
HP restored.
You now have 173 gold pieces (gained 9).
Things that are here:
a +0 dagger; a +0 robe
Found a short sword.
e - a scroll labelled OCLELO TIZUA An orc comes into view.
It is wielding the +7 spear of Unpleasantness {venom, Will+ Int+3}.
An orc is nearby!
An orc is nearby!
An orc is nearby!
An orc is nearby!
Casting: Wereblood (safe; 6% risk of failure)
Confirm with . or Enter, or press ? or * to list all spells.
One of your tentacles grows a vicious spike.
The orc shouts!
Casting: Beastly Appendage (safe; 3% risk of failure)
Confirm with . or Enter, or press ? or * to list all spells.
Your tentacle spike disappears.
You turn into a venomous arachnid creature.
Casting: Spider Form (quite dangerous; 32% risk of failure)
Confirm with . or Enter, or press ? or * to list all spells.
Your blood is infused with primal strength.
The orc closely misses you.
The orc hits you with the +7 spear of Unpleasantness {venom, Will+ Int+3}.
You are poisoned.
You hit the orc.
The orc is poisoned.
The orc is heavily wounded.
You feel very sick.
The orc hits you with the +7 spear of Unpleasantness {venom, Will+ Int+3}!
You barely miss the orc.
The orc is severely wounded.
You feel very sick.
The orc hits you with the +7 spear of Unpleasantness {venom, Will+ Int+3}!
* * * LOW HITPOINT WARNING * * *
You are more poisoned.
You hit the orc.
You feel a bit better.
You kill the orc!
You die...

# #...##..## ..#
.###...#.###..## .#...
.)....r.†###..###....#
.....#.......##......#
.#####...#..>........# .
#.#))..#.......# #
#.....####....# ###
###....#...)..# ... .
.........s..# #
.........##.....#
###..........#.....#
...............#####
...............#########
.........#.......#.....#
##......##..##.#.......#
.......#.... #.##......#
............##.###.....#


There were no monsters in sight!

Vanquished Creatures
  An ogre (D:4)
  Terence (D:2)
  3 orc wizards (D:4)
  4 gnolls (D:4)
  5 adders
  3 worms
  2 dart slugs (D:1)
  5 orcs
  6 endoplasms
  7 giant cockroaches
  7 hobgoblins
  2 quokkas
  4 ball pythons
  5 bats
  5 frilled lizards
  5 goblins
  11 kobolds
  4 rats
80 creatures vanquished.

Notes
Turn   | Place    | Note
-------+----------+-------------------------------------------
     0 | D:1      | Beavis the Octopode Transmuter began the quest for the Orb.
     0 | D:1      | Reached XP level 1. HP: 13/13 MP: 3/3
   186 | D:1      | Reached XP level 2. HP: 13/18 MP: 3/5
   193 | D:1      | Learned a level 2 spell: Wereblood
   266 | D:1      | Reached skill level 1 in Poison Magic
   534 | D:1      | Reached XP level 3. HP: 19/23 MP: 3/6
   881 | D:1      | Learned a level 3 spell: Spider Form
  1166 | D:2      | Noticed Terence
  1179 | D:2      | Killed Terence
  1180 | D:2      | Reached XP level 4. HP: 6/29 MP: 4/7
  1414 | D:2      | Found an opulent altar of Gozag.
  1440 | D:2      | Found Quatai's Antique Armour Emporium.
  1872 | D:3      | Reached XP level 5. HP: 29/34 MP: 4/8
  2063 | D:3      | Found a runed translucent door.
  2067 | D:3      | Noticed MrSquiggles's ghost (amateur OpAr)
  2284 | D:4      | Noticed an ogre
  2396 | D:4      | Noticed an ice beast
  2537 | D:4      | Killed an ogre
  2538 | D:4      | Reached XP level 6. HP: 40/40 MP: 2/10
  2605 | D:4      | Found a shimmering altar of Xom.
  2742 | D:4      | HP: 2/41 [orc/+0 club (2)]
  2747 | D:4      | HP: 2/41 [quokka (3)]
  2756 | D:4      | Reached skill level 4 in Unarmed Combat
  2885 | D:4      | Identified the +7 spear of Unpleasantness {venom, Will+
                  | Int+3}
  2893 | D:4      | Succumbed to an orc's poison

Illustrated notes

Levels and vault maps discovered:
D:1:      dpeg_arrival_three_bigger_balls, layout_basic
D:2:      layout_rooms, basic_altar, serial_shops,
          nicolae_shop_competitors_out_of_business,
          chequers_serial_rivers_large_a, uniq_terence
D:3:      layout_rooms, gammafunk_ghost_grave, minmay_quantized
D:4:      layout_rooms, xom_redecorated

Skill      XL: |  1  2  3  4  5  6 |
---------------+-------------------+-----
Poison Magic   | 1 2 |  2.7
Fighting       | 2 |  2.5
Transmutations | 3 |  3.7
Dodging        | 3 |  3.1
Unarmed Combat | 4 |  4.0
Spellcasting   | 3 |  3.0

Action                     |  1- 3 |  4- 6 || total
---------------------------+-------+-------++-------
  Melee: Unarmed           |    75 |   110 ||   185
         Constrict         |    20 |    19 ||    39
         Kick              |    18 |    24 ||    42
         Tentacles         |    11 |    20 ||    31
         Punch             |     2 |     3 ||     5
   Cast: Beastly Appendage |    18 |    19 ||    37
         Wereblood         |     8 |    17 ||    25
         Spider Form       |       |     8 ||     8
    Use: Potion            |     1 |     4 ||     5
         Scroll            |       |     8 ||     8
   Stab: Sleeping          |     4 |     2 ||     6
         Invisible         |       |     2 ||     2
 Armour: Skin              |    15 |    13 ||    28
  Dodge: Dodged            |    43 |   147 ||   190

Table legend: (Time is in decaauts)
 A = Elapsed time spent in this place.
 B = Non-inter-level travel time spent in this place.
 C = Inter-level travel time spent in this place.
 D = Time resting spent in this place.
 E = Time spent auto-exploring this place.
 F = Levels seen in this place.
 G = Mean time per level.
                   A        B        C        D        E       F      G
               +--------+--------+--------+--------+--------+-----+--------+
         Total |   2881 |   2809 |     72 |      0 |   2246 |   4 |  720.2 |
       Dungeon |   2881 |   2809 |     72 |      0 |   2246 |   4 |  720.2 |
               +--------+--------+--------+--------+--------+-----+--------+

Top non-repeatable levels by time:
     D:1: 912 daAuts
     D:3: 864 daAuts
     D:2: 610 daAuts
     D:4: 494 daAuts
